 Dungeon Crawl Stone Soup version 0.28.0-53-g5a82cb258f (webtiles) character file.

Game seed: 16445719716329438412

15229 issech the Bludgeoner (level 11, 0/87 HPs)
             Began as a Minotaur Monk on June 21, 2022.
             Was an Elder of Hepliaklqana.
             Slain by a hornet (4 damage)
             ... on level 11 of the Dungeon.
             The game lasted 00:48:53 (14247 turns).

issech the Bludgeoner (Minotaur Monk)              Turns: 14247, Time: 00:48:54

Health: 0/87       AC: 24    Str: 15    XL:     11   Next: 99%
Magic:  10/10      EV:  9    Int:  7    God:    Hepliaklqana [****..]
Gold:   486        SH: 11    Dex: 18    Spells: 10/10 levels left

rFire   + . .      SeeInvis .   a - +6 eveningstar (protect)
rCold   . . .      Faith    .   e - +0 buckler
rNeg    . . .      Spirit   .   k - +2 chain mail {rF+}
rPois   +          Reflect  +   (helmet restricted)
rElec   .          Harm     .   u - +0 cloak
rCorr   .          Rampage  .   r - +1 pair of gloves
Will    +....                   (no boots)
Stlth   ..........              o - amulet of reflection
HPRegen 0.24/turn               s - ring of willpower
MPRegen 0.12/turn               K - ring of poison resistance

@: under a protective aura
A: reduced essence, horns 2, retaliatory headbutt
a: Renounce Religion, Recall Ancestor, Ancestor Identity, Transference, Idealise


You were on level 11 of the Dungeon.
You worshipped Hepliaklqana.
Hepliaklqana was greatly pleased with you.
You visited 2 branches of the dungeon, and saw 12 of its levels.
You also visited: Bailey.

You collected 627 gold pieces.
You spent 141 gold pieces at shops.

Inventory:

Hand Weapons
 a - a +6 eveningstar of protection (weapon)
 D - a +2 scimitar of flaming
 G - a +0 broad axe
 O - a +2 whip of draining
 T - a +3 dagger
 V - a +0 hand crossbow
Missiles
 b - 59 poisoned darts
 i - 121 bolts
 l - 279 stones
 v - 2 curare-tipped darts
 x - a throwing net
 y - 68 sling bullets
 A - 154 arrows
 W - 6 boomerangs (quivered)
Armour
 e - a +0 buckler (worn)
 f - a +0 plate armour
 k - a +2 chain mail of fire resistance (worn)
 r - a +1 pair of gloves (worn)
 u - a +0 cloak (worn)
Jewellery
 o - an amulet of reflection (around neck)
 p - a +6 ring of intelligence
 s - a ring of willpower (left hand)
 F - an amulet of guardian spirit
 I - a ring of positive energy
 K - a ring of poison resistance (right hand)
 M - the ring "Ceent" {rF+ rCorr}
   (You bought it in a shop on level 2 of the Dungeon)

   [ring of resist corrosion]

   rF:        It protects you from fire.
   rCorr:     It protects you from acid and corrosion.
Wands
 H - a wand of paralysis (7)
 N - a wand of flame (18)
Scrolls
 g - 2 scrolls of vulnerability {unknown}
 n - 7 scrolls of teleportation
 t - 2 scrolls of enchant armour
 w - 2 scrolls of magic mapping
 z - a scroll of silence
 B - 3 scrolls of amnesia
 E - 2 scrolls of summoning {unknown}
 J - 2 scrolls of blinking {unknown}
 P - a scroll of fear {unknown}
 X - a scroll of identify
 Z - 2 scrolls of fog
Potions
 c - a potion of mutation {unknown}
 d - 2 potions of curing {unknown}
 h - a potion of might {unknown}
 j - a potion of degeneration {unknown}
 m - a potion of berserk rage {unknown}
 q - 3 potions of brilliance {unknown}
 C - 2 potions of ambrosia {unknown}
 L - 4 potions of attraction {unknown}
 Q - a potion of heal wounds {unknown}
 R - 3 potions of haste {unknown}
 S - 2 potions of magic {unknown}
 U - 2 potions of cancellation {unknown}


   Skills:
 + Level 9.3 Fighting
 + Level 4.5(11.0) Axes
 + Level 15.3(15.6) Maces & Flails
 + Level 1.9 Crossbows
 + Level 1.6 Throwing
 + Level 10.8 Armour
 + Level 4.8 Dodging
 + Level 3.3 Stealth
 + Level 8.1 Shields


You had 10 spell levels left.
You didn't know any spells.
Your spell library contained the following spells:

 Spells                   Type           Power      Damage    Failure   Level
 Animate Skeleton         Necr           0%         N/A       100%        1
 Apportation              Tloc           0%         N/A       100%        1
 Summon Small Mammal      Summ           0%         N/A       100%        1
 Ignite Poison            Fire/Tmut/Pois 0%         N/A       100%        3
 Mephitic Cloud           Conj/Pois/Air  0%         N/A       100%        3
 Fulminant Prism          Conj/Hex       0%         3d6       100%        4
 Iskenderun's Mystic Bla  Conj/Tloc      0%         2d3       100%        4
 Freezing Cloud           Conj/Ice/Air   0%         6-21      100%        5
 Lee's Rapid Deconstruct  Erth           0%         3d5*      100%        5
 Conjure Ball Lightning   Conj/Air       0%         3x3d6     100%        6
 Discord                  Hex            0%         N/A       100%        8
 Disjunction              Tloc           0%         N/A       100%        8


Dungeon Overview and Level Annotations

Branches:
Dungeon (11/15)            Temple (1/1) D:6            Lair (0/6) D:11
 Bailey (visited)
    Orc: D:9-12

Altars:
Ashenzari
Cheibriados
Dithmenos
Elyvilon
Fedhas
Gozag
Hepliaklqana
Kikubaaqudgha
Makhleb
Nemelex Xobeh
Okawaru
Qazlal
Ru
Sif Muna
Trog
Uskayaw
Vehumet
Wu Jian
Xom
Yredelemnul
Zin
The Shining One

Shops:
D:2 *!!   D:4 *


Innate Abilities, Weirdness & Mutations

Your life essence is reduced to manifest your ancestor. (-10% HP)
You have a pair of horns on your head.
You reflexively headbutt those who attack you in melee.


Message History

The spriggan is lightly wounded.
The spriggan rider completely misses you.
Belessunu hits the black bear with a +0 quarterstaff!
You catch the helpless black bear completely off-guard!
You bludgeon the black bear!!
You kill the black bear!
The spriggan rider hits you but does no damage.
You swap places.
The spriggan hits you from afar with the +4 spear of the Eternal Void {flame, *Rage Int+5}.
* * * LOW HITPOINT WARNING * * *
The spriggan rider hits you but does no damage.
There is an open translucent door, spattered with blood here.
Things that are here:
a +0 trident; a black bear corpse You miss the spriggan rider.
You headbutt the spriggan rider.
The spriggan rider is moderately wounded.
You block the spriggan's attack.
You puncture the spriggan rider!
The spriggan rider is heavily wounded.
You block the spriggan rider's attack.
Belessunu casts a spell at the spriggan rider.
The puff of frost hits the spriggan rider!
The spriggan dies!
You hit the hornet. Your headbutt misses the hornet.
The hornet is heavily wounded.
The spriggan hits you from afar with the +4 spear of the Eternal Void {flame, *Rage Int+5}.
* * * LOW HITPOINT WARNING * * *
The spriggan burns you.
* * * LOW HITPOINT WARNING * * *
Belessunu casts a spell at the hornet.
The puff of frost hits the hornet.
You block the hornet's attack.
You puncture the hornet!
The hornet is severely wounded.
The spriggan goes berserk!
The spriggan hits you from afar with the +4 spear of the Eternal Void {flame, *Rage Int+5}!
* * * LOW HITPOINT WARNING * * *
The spriggan burns you.
* * * LOW HITPOINT WARNING * * *
The hornet stings you.
You die...

###................# ###...####..
#...........######## ##..# ##.
...#.......##♣♣ ♣♣ #..# ##
..#........# ♣...♣♣♣ ####.## #
.#.........# .♣...♣♣#.#..#
..........##♣♣♣.!.♣?♣##...#
..........#♣♣...♣i..♣♣#...#
..........#♣....y♣.♣.♣#...#
..........#♣.###@###.♣#...####
.)........####8.R.8####......####
.........................#......#
........................#####....
.......................## ####.
.................####..# #..
.................# #..# #..
................## #..# ##..
#....###...###..# #..# #...


You could see the friendly Belessunu the battlemage, a hornet (ally target) and
a spriggan (berserk).

Vanquished Creatures
  2 vault guards (Bailey)
  A hydra (D:11)
  Erica (D:11)
  2 two-headed ogres
  An orc knight (D:11)
  A komodo dragon (D:11)
  A kobold demonologist (D:11)
  A troll (D:10)
  Prince Ribbit (Bailey)
  A spriggan (D:11)
  A wyvern (D:10)
  3 yaks (D:10)
  A basilisk (D:11)
  4 humans (Bailey)
  Eustachio (D:5)
  2 steam dragons (D:9)
  An acid dragon (D:8)
  5 water moccasins
  4 orc warriors
  An ice beast (D:5)
  A black bear (D:11)
  A hornet zombie (D:6)
  The ghost of Caestello the Vexing, an amateur GnAM of Jiyva (D:3)
  6 centaurs
  A phantom (D:5)
  6 kobold brigands
  6 bullfrogs
  A water moccasin zombie (D:6)
  6 killer bees
  A water moccasin skeleton (D:4)
  9 wights
  2 electric eels (D:10)
  2 howler monkeys (D:11)
  A bullfrog zombie (D:3)
  A jelly (D:8)
  Crazy Yiuf (D:3)
  A bullfrog skeleton (D:3)
  4 orc priests
  2 centaur zombies
  3 hounds
  An iguana (D:5)
  6 orc wizards
  A hound zombie (D:5)
  4 gnolls
  6 adders
  2 white imps
  An ufetubus (D:5)
  An adder skeleton (D:5)
  2 dart slugs
  27 orcs
  8 endoplasms
  5 giant cockroaches
  9 goblins
  4 hobgoblins
  2 jackals (D:1)
  19 kobolds
  3 quokkas
  7 ball pythons
  3 bats
  7 rats
209 creatures vanquished.

Vanquished Creatures (collateral kills)
  The ghost of Telaeta the Carver, a journeyman DsGl of Qazlal (D:11)
  An elephant (D:11)
  Psyche (D:8)
  A hornet (D:9)
  A spriggan (D:11)
  A wraith (D:9)
  2 humans (Bailey)
  4 wyverns
  A basilisk (D:11)
  A steam dragon (D:8)
  Duvessa (D:6)
  A water moccasin (D:7)
  A hornet zombie (D:8)
  A wolf (D:11)
  3 bullfrogs
  Dowan (D:6)
  4 killer bees
  A bullfrog zombie (D:7)
  A centaur zombie (D:7)
  A hound (D:6)
  An orc priest (D:9)
  A bullfrog skeleton (D:6)
  3 orc wizards
  2 adders (D:6)
  A shadow imp (D:6)
  5 orcs
  8 kobolds
  A goblin (Bailey)
51 creatures vanquished.

Vanquished Creatures (others)
  5 battlemagi
  A kobold (D:9)
  A fungus (D:11)
  15 plants
22 creatures vanquished.

Grand Total: 282 creatures vanquished

Notes
Turn   | Place    | Note
-------+----------+-------------------------------------------
     0 | D:1      | issech the Minotaur Monk began the quest for the Orb.
     0 | D:1      | Reached XP level 1. HP: 19/19 MP: 0/0
   195 | D:1      | Reached XP level 2. HP: 19/27 MP: 1/1
   591 | D:1      | Found an opulent altar of Gozag.
   640 | D:2      | Found Hecacw's Assorted Antiques.
   757 | D:2      | Reached XP level 3. HP: 23/33 MP: 2/2
  1003 | D:2      | Found Meeclogg's Distillery.
  1023 | D:2      | Found Hos Majo's Distillery.
  1137 | D:2      | Reached skill level 1 in Maces & Flails
  1294 | D:2      | Reached skill level 1 in Armour
  1714 | D:3      | Found a runed translucent gate.
  1714 | D:3      | Found a runed translucent gate.
  2028 | D:3      | Reached XP level 4. HP: 40/40 MP: 3/3
  2065 | D:3      | Found a runed translucent door.
  2066 | D:3      | Noticed Crazy Yiuf
  2264 | D:3      | Reached skill level 2 in Maces & Flails
  2490 | D:3      | Found a runed translucent gate.
  2491 | D:3      | Noticed Caestello's ghost (amateur GnAM)
  2722 | D:3      | Killed Caestello's ghost
  2723 | D:3      | Reached skill level 3 in Maces & Flails
  2723 | D:3      | Reached XP level 5. HP: 44/46 MP: 4/4
  2728 | D:3      | Reached skill level 4 in Maces & Flails
  2881 | D:3      | Killed Crazy Yiuf
  2882 | D:3      | Reached XP level 6. HP: 33/52 MP: 5/5
  2899 | D:3      | Identified a scroll of acquirement
  2901 | D:3      | Acquired a +3 eveningstar of protection
  3233 | D:4      | Reached skill level 5 in Maces & Flails
  3421 | D:4      | Reached skill level 1 in Shields
  3489 | D:4      | Found an ancient bone altar of Kikubaaqudgha.
  3700 | D:4      | Reached XP level 7. HP: 60/60 MP: 6/6
  3705 | D:4      | Reached skill level 6 in Maces & Flails
  4164 | D:4      | Found Otroduvu's Serpentskin Sales.
  4171 | D:4      | Reached skill level 7 in Maces & Flails
  4171 | D:4      | Reached skill level 5 in Armour
  4180 | D:4      | Reached skill level 5 in Fighting
  4180 | D:4      | Reached XP level 8. HP: 37/68 MP: 7/7
  4456 | D:5      | Entered Level 5 of the Dungeon
  4495 | D:5      | Reached skill level 8 in Maces & Flails
  5007 | D:5      | Reached skill level 9 in Maces & Flails
  5046 | D:5      | Noticed Eustachio
  5057 | D:5      | Killed Eustachio
  5604 | D:6      | Found a snail-covered altar of Cheibriados.
  5623 | D:6      | Found a staircase to the Ecumenical Temple.
  5648 | Temple   | Entered the Ecumenical Temple
  5763 | Temple   | Became a worshipper of Hepliaklqana the Forgotten
  5763 | Temple   | Reached * piety under Hepliaklqana
  5763 | Temple   | Reached ** piety under Hepliaklqana
  5764 | Temple   | Remembered your ancestor Belessunu as a battlemage
  5922 | D:6      | Noticed Duvessa
  5922 | D:6      | Noticed Dowan
  5927 | D:6      | Killed Duvessa
  5928 | D:6      | Reached skill level 10 in Maces & Flails
  5934 | D:6      | Killed Dowan
  5935 | D:6      | Reached XP level 9. HP: 52/67 MP: 8/8
  6146 | D:6      | Found an iron altar of Okawaru.
  6220 | D:6      | Found a burning altar of Makhleb.
  6292 | D:6      | Found an opulent altar of Gozag.
  6777 | D:7      | Reached skill level 11 in Maces & Flails
  6808 | D:7      | Found a shadowy altar of Dithmenos.
  7068 | D:7      | Reached *** piety under Hepliaklqana
  7595 | D:8      | Found a radiant altar of Vehumet.
  7813 | D:8      | Noticed Psyche
  7823 | D:8      | Killed Psyche
  8610 | D:9      | Reached skill level 12 in Maces & Flails
  9011 | D:9      | Reached XP level 10. HP: 75/75 MP: 9/9
  9089 | D:9      | Found a white marble altar of Elyvilon.
  9448 | D:9      | Reached **** piety under Hepliaklqana
  9675 | D:10     | Entered Level 10 of the Dungeon
  9714 | D:10     | Found a flagged portal.
  9730 | D:10     | Reached skill level 5 in Shields
  9775 | Bailey   | Entered a bailey
  9799 | Bailey   | Reached skill level 13 in Maces & Flails
  9862 | Bailey   | Noticed a vault guard
  9882 | Bailey   | Killed a vault guard
 10038 | Bailey   | Noticed Prince Ribbit
 10038 | Bailey   | Noticed a vault guard
 10053 | Bailey   | Killed a vault guard
 10054 | Bailey   | Reached XP level 11. HP: 79/84 MP: 10/10
 10068 | Bailey   | Killed Prince Ribbit
 10166 | D:10     | Reached skill level 14 in Maces & Flails
 10906 | D:10     | Reached skill level 1 in Throwing
 11510 | D:10     | Noticed a two-headed ogre
 11516 | D:10     | Killed a two-headed ogre
 11517 | D:10     | Reached skill level 10 in Armour
 11806 | D:2      | Bought a wavering iron ring for 120 gold pieces
 11806 | D:2      | Identified the ring "Ceent" {rF+ rCorr} (You bought it in a
                  | shop on level 2 of the Dungeon)
 11806 | D:2      | Bought a yellow potion for 21 gold pieces
 12200 | D:11     | Noticed a two-headed ogre
 12206 | D:11     | Killed a two-headed ogre
 12424 | D:11     | Found a staircase to the Lair.
 12480 | D:11     | Found a runed translucent door.
 12482 | D:11     | Noticed Telaeta's ghost (journeyman DsGl)
 12483 | D:11     | Noticed a spriggan rider
 12524 | D:11     | Identified the +4 spear of the Eternal Void {flame, *Rage
                  | Int+5}
 12700 | D:11     | Reached skill level 1 in Crossbows
 12801 | D:11     | Noticed Erica
 12812 | D:11     | Noticed a five-headed hydra
 12817 | D:11     | Killed Erica
 12823 | D:11     | Killed a five-headed hydra
 12903 | D:11     | Noticed an orc knight
 12917 | D:11     | Killed an orc knight
 12918 | D:11     | Reached skill level 15 in Maces & Flails
 13409 | D:11     | Noticed a soul eater
 14236 | D:11     | Killed Telaeta's ghost
 14247 | D:11     | HP: 4/87 [spriggan/the +4 spear of the Eternal Void {flame,
                  | *Rage Int+5} (2)]
 14247 | D:11     | Slain by a hornet

Illustrated notes

Levels and vault maps discovered:
D:1:      eino_arrival_water_star, layout_rooms, kennysheep_flooded_box
D:2:      layout_loops_ring, serial_shops, nicolae_shop_hallway_stairs, shop,
          shop, skrybe_limestone_x, grunt_ministairs_3, feat_on_display
D:3:      layout_loops_ring, serial_bayou, serial_bayou_shore_a,
          serial_bayou_pond_e, serial_bayou_pond_d, serial_bayou_lake_a,
          serial_bayou_shore_b, serial_bayou_shore_b,
          gammafunk_ghost_necromancy, serial_bayou_lagoon_b,
          uniq_crazy_yiuf_cottage
D:4:      layout_basic, mainiacjoe_overflow_tiny_flanked, guppyfry_shop_venom
D:5:      layout_cave_pods, minmay_misc_feat_tiny, uniq_eustachio
D:6:      layout_cave_pools, overflow_temple_1_default,
          mainiacjoe_overflow_chevrons, kennysheep_mini_moat,
          okawaru_metal_pillars_3, minmay_temple_entry_proselytizer,
          uniq_duvessa
D:7:      layout_gridville, lemuel_crystal_altar
D:8:      layout_basic, old_standard_altar, serial_corexii_hall,
          corexii_hall_statues_s, corexii_hall_statues_u, uniq_psyche
D:9:      layout_small_grid, elyvilon_altar_5
D:10:     layout_basic, enter_bailey_6, kennysheep_opposing_triangles
D:11:     layout_layer_cave, david_lair_generic, ebering_ghost_funeral_grove,
          uniq_erica
Temple:   eino_temple_water

Skill      XL: |  1  2  3  4  5  6  7  8  9 10 11 |
---------------+----------------------------------+-----
Axes           | 4 |  4.5
Fighting       | 4 5 6 8 9 |  9.3
Maces & Flails | 1 3 4 5 7 10 12 13 15 | 15.3
Armour         | 1 2 3 4 5 6 8 9 10 | 10.8
Shields        | 1 2 4 6 8 |  8.1
Stealth        | 2 3 |  3.3
Dodging        | 4 |  4.8
Throwing       | 1 |  1.6
Crossbows      | 1 |  1.9

Action                   |  1- 3 |  4- 6 |  7- 9 | 10-12 || total
-------------------------+-------+-------+-------+-------++-------
Melee: Hand axe          |    23 |       |       |       ||    23
       Headbutt          |    11 |    11 |    35 |    52 ||   109
       Morningstar       |    79 |    46 |       |       ||   125
       Eveningstar       |       |    51 |   191 |   276 ||   518
 Fire: Hand crossbow     |       |       |       |    12 ||    12
Throw: Boomerang         |       |       |       |    14 ||    14
       Stone             |       |       |       |     1 ||     1
Invok: Ancestor Life: Ba |       |       |     1 |       ||     1
  Use: Scroll            |       |     5 |     3 |     7 ||    15
 Stab: Distracted        |       |       |       |    12 ||    12
Armor: Robe              |     4 |       |       |       ||     4
       Plate armour      |    77 |   116 |   186 |       ||   379
       Chain mail        |       |       |     2 |   138 ||   140
Dodge: Dodged            |    33 |    26 |    69 |    74 ||   202
Block: Buckler           |    14 |    12 |    61 |   144 ||   231
       Reflection        |       |       |       |     9 ||     9
